 Dungeon Crawl Stone Soup version 0.25-b1-46-gb8a1ec05df (webtiles) character file.

Game seed: 8918567888262386668

84 grindst0ne the Charmwright (level 4, -2/38 HPs)
             Began as a Gnoll Skald on June 10, 2020.
             Slain by a worm (10 damage)
             ... on level 3 of the Dungeon.
             The game lasted 00:02:55 (1945 turns).

grindst0ne the Charmwright (Gnoll Skald)            Turns: 1945, Time: 00:02:56

Health: -2/38      AC:  1    Str: 14      XL:     4   Next: 45%
Magic:  6/11       EV: 14    Int: 16      God:
Gold:   102        SH:  0    Dex: 13 (14) Spells: 10/13 levels left

rFire    + . .     SeeInvis .   a - +0 hand axe
rCold    + . .     Gourm    .   (no shield)
rNeg     . . .     Faith    .   b - +0 leather armour
rPois    +         Spirit   .   e - +0 hat
rElec    +         Reflect  .   (no cloak)
rCorr    +         Harm     .   (no gloves)
MR       +....                  (no boots)
Stlth    +.........             (no amulet)
HPRegen  0.12/turn              m - ring of protection from magic
MPRegen  0.12/turn              (no ring)

@: brilliant, resistant, infused, singing
A: distributed training, fangs 1, hooves 1, deformed body, deterioration 1,
screaming 1, strong nose
a: no special abilities


You were on level 3 of the Dungeon.
You were not hungry.

You visited 1 branch of the dungeon, and saw 3 of its levels.

You collected 102 gold pieces.

Inventory:

Hand Weapons
 a - a +0 hand axe (weapon)
Armour
 b - a +0 leather armour (worn)
 e - a +0 hat (worn)
Jewellery
 m - a ring of protection from magic (left hand)
Scrolls
 f - a scroll of fog {unknown}
 g - a scroll of enchant armour {unknown}
 h - a scroll of enchant weapon {unknown}
 i - a scroll of identify {unknown}
 k - a scroll of remove curse {unknown}
 n - a scroll of amnesia {unknown}
 p - a scroll of immolation {unknown}
 q - a scroll of fear {unknown}
Potions
 j - a potion of resistance
Comestibles
 c - 5 chunks of flesh
 d - 4 rations


   Skills:
 + Level 4.6 Fighting
 + Level 1.1 Short Blades
 + Level 1.1 Long Blades
 + Level 4.6 Axes
 + Level 1.1 Maces & Flails
 + Level 1.1 Polearms
 + Level 1.1 Staves
 + Level 1.1 Slings
 + Level 1.1 Bows
 + Level 1.1 Crossbows
 + Level 1.1 Throwing
 + Level 2.7 Armour
 + Level 4.6 Dodging
 + Level 1.1 Stealth
 + Level 1.1 Shields
 + Level 1.1 Unarmed Combat
 + Level 5.1 Spellcasting
 + Level 0.9 Conjurations
 + Level 0.9 Hexes
 + Level 5.4 Charms
 + Level 0.9 Summonings
 + Level 0.9 Necromancy
 + Level 0.9 Translocations
 + Level 0.9 Transmutations
 + Level 0.9 Fire Magic
 + Level 0.9 Ice Magic
 + Level 0.9 Air Magic
 + Level 0.9 Earth Magic
 + Level 0.9 Poison Magic
 + Level 1.2 Invocations
 + Level 1.1 Evocations


You had 10 spell levels left.
You knew the following spells:

 Your Spells              Type           Power        Failure   Level  Hunger
a - Infusion              Chrm           ####         1%          1    None
b - Song of Slaying       Chrm           ####....     3%          2    None

Your spell library contained the following spells:

 Spells                   Type           Power        Failure   Level  Hunger
 Shroud of Golubria       Chrm/Tloc      ###...       8%          2    None
 Ozocubu's Armour         Chrm/Ice       ###.....     16%         3    None
 Spectral Weapon          Hex/Chrm       ###.....     16%         3    None


Dungeon Overview and Level Annotations

Branches:
Dungeon (2/15)

Altars:

Annotations:
D:3 Sigmund


Innate Abilities, Weirdness & Mutations

Your experience applies equally to all skills.
You have very sharp teeth.
Your uncanny sense of smell can sniff out nearby items.
You have large cloven feet.
Armour fits poorly on your strangely shaped body.
Your body sometimes deteriorates upon taking damage.
You occasionally shout uncontrollably at your foes.


Message History

Confirm with . or Enter, or press ? or * to list all spells.
You feel a surge of power!
You begin infusing your attacks with magical energy.
The bat hits you but does no damage. The kobold barely misses you.
You closely miss the kobold.
You hear an angry hiss.
The bat hits you but does no damage. The bat closely misses you.
The kobold hits you but does no damage.
You closely miss the bat. You bite the bat, but do no damage.
You hit the kobold!
You kill the kobold!
The bat barely misses you. The bat barely misses you. The worm misses you.
You hit the worm.
The worm is moderately wounded.
You hear an angry hiss.
The bat closely misses you.
A bat comes into view.
The worm bites you!
You die...

#######.# .##.# ....
...# ...
..#.###.###.##.##
.###...)).......#
..#.#####)#.##....
.#.## #.#.# . ∆
.########.#.# #
..........#.#######..##
.########.#.....@wbb..#
.# #..............# .#
##########....>? .#
.....# .# ...## .# ####
##


You could see a worm and 2 bats.

Vanquished Creatures
  An orc priest (D:3)
  An adder (D:2)
  3 worms (D:2)
  A dart slug (D:1)
  2 leopard geckos (D:2)
  2 orcs (D:3)
  4 bats
  A giant cockroach (D:1)
  A goblin (D:2)
  3 hobgoblins
  4 jackals (D:2)
  5 kobolds
  A frilled lizard (D:1)
  4 rats
33 creatures vanquished.

Notes
Turn   | Place    | Note
-------+----------+-------------------------------------------
     0 | D:1      | grindst0ne the Gnoll Skald began the quest for the Orb.
     0 | D:1      | Reached XP level 1. HP: 20/20 MP: 6/6
   214 | D:1      | Reached XP level 2. HP: 23/26 MP: 7/7
   398 | D:1      | Learned a level 2 spell: Song of Slaying
   917 | D:2      | Reached skill level 5 in Spellcasting
   917 | D:2      | Reached XP level 3. HP: 25/31 MP: 1/9
  1367 | D:2      | Reached skill level 1 in Invocations
  1791 | D:2      | You fall into a shaft and drop 1 floor!
  1798 | D:3      | Reached skill level 1 in Short Blades
  1798 | D:3      | Reached skill level 1 in Long Blades
  1798 | D:3      | Reached skill level 1 in Maces & Flails
  1798 | D:3      | Reached skill level 1 in Polearms
  1798 | D:3      | Reached skill level 1 in Staves
  1798 | D:3      | Reached skill level 1 in Slings
  1798 | D:3      | Reached skill level 1 in Bows
  1798 | D:3      | Reached skill level 1 in Crossbows
  1798 | D:3      | Reached skill level 1 in Throwing
  1798 | D:3      | Reached skill level 1 in Stealth
  1798 | D:3      | Reached skill level 1 in Shields
  1798 | D:3      | Reached skill level 1 in Unarmed Combat
  1798 | D:3      | Reached skill level 1 in Evocations
  1814 | D:3      | Reached XP level 4. HP: 7/38 MP: 7/11
  1876 | D:3      | Noticed Sigmund
  1879 | D:3      | Gained mutation: You occasionally shout uncontrollably at
                  | your foes. [potion of mutation]
  1879 | D:3      | Gained mutation: Your body sometimes deteriorates upon
                  | taking damage. [potion of mutation]
  1879 | D:3      | Gained mutation: Armour fits poorly on your strangely
                  | shaped body. [potion of mutation]
  1879 | D:3      | Gained mutation: You have large cloven feet. [potion of
                  | mutation]
  1945 | D:3      | Slain by a worm

Illustrated notes

Levels and vault maps discovered:
D:1:      dpeg_arrival_erosion, layout_basic
D:2:      layout_rooms, grunt_decor_fettered
D:3:      layout_loops_ring, portal_sewer_entry_b, first_ration,
          small_statue_intersection, minmay_randomly_rotated_circles,
          uniq_sigmund

Skill      XL: |  1  2  3 |
---------------+----------+-----
Spellcasting   | 5 |  5.1
Invocations    | 1 |  1.2
Short Blades   | 1 |  1.1
Long Blades    | 1 |  1.1
Maces & Flails | 1 |  1.1
Polearms       | 1 |  1.1
Staves         | 1 |  1.1
Slings         | 1 |  1.1
Bows           | 1 |  1.1
Crossbows      | 1 |  1.1
Throwing       | 1 |  1.1
Stealth        | 1 |  1.1
Shields        | 1 |  1.1
Unarmed Combat | 1 |  1.1
Evocations     | 1 |  1.1
Fighting       | |  4.6
Axes           | |  4.6
Armour         | |  2.7
Dodging        | |  4.6
Conjurations   | |  0.9
Hexes          | |  0.9
Charms         | |  5.4
Summonings     | |  0.9
Necromancy     | |  0.9
Translocations | |  0.9
Transmutations | |  0.9
Fire Magic     | |  0.9
Ice Magic      | |  0.9
Air Magic      | |  0.9
Earth Magic    | |  0.9
Poison Magic   | |  0.9

Action                   |  1- 3 |  4- 6 || total
-------------------------+-------+-------++-------
Melee: Hand axe          |   114 |     5 ||   119
       Bite              |     8 |     1 ||     9
       Kick              |       |     1 ||     1
 Cast: Infusion          |     7 |     1 ||     8
       Song of Slaying   |       |     1 ||     1
  Use: Potion            |       |     5 ||     5
 Stab: Sleeping          |     1 |       ||     1
  Eat: Chunk             |     3 |       ||     3
Armor: Leather armour    |    20 |     6 ||    26
Dodge: Dodged            |    84 |    11 ||    95
